 Dungeon Crawl Stone Soup version 0.32-a0-12-g7fc57aa741 (webtiles) character file.

Game seed: 18087321387886446610

19696 jasper the Toxicologist (level 12, -23/61 HPs)
             Began as a Spriggan Alchemist on Jan 14, 2024.
             Was an Elder of Sif Muna.
             Annihilated by a two-headed ogre
             ... wielding a +0 giant club
              (30 damage)
             ... on level 11 of the Dungeon.
             The game lasted 00:21:53 (9477 turns).

jasper the Toxicologist (Spriggan Alchemist)        Turns: 9477, Time: 00:21:54

Health: -23/61     AC:  3    Str:  4    XL:     12   Next: 38%
Magic:  19/22      EV: 23    Int: 20    God:    Sif Muna [****..]
Gold:   482        SH:  7    Dex: 17    Spells: 5/23 levels left

rFire   . . .        g - +3 dagger (venom)
rCold   . . .        i - +1 buckler
rNeg    . . .        j - +1 robe {Will+}
rPois   +            (helmet restricted)
rElec   .            (no cloak)
rCorr   .            (gloves unavailable)
SInv    +            (boots unavailable)
Will    +++..        k - amulet of magic regeneration
Stlth   ++++         s - ring of wizardry
HPRegen 0.30/turn    x - ring of poison resistance
MPRegen 0.58/turn

%: wizardry (x1)
@: very quick
A: very small, no large weapons, unfitting armour, see invisible, speed 3
a: Renounce Religion, Channel Magic, Forget Spell, Divine Exegesis


You were on level 11 of the Dungeon.
You worshipped Sif Muna.
Sif Muna was greatly pleased with you.
You visited 2 branches of the dungeon, and saw 12 of its levels.
You also visited: Bailey.

You collected 794 gold pieces.
You spent 312 gold pieces at shops.

Inventory:

Hand Weapons
 f - a +0 short sword of protection
 g - a +3 dagger of venom (weapon)
 r - a +0 rapier of freezing
 G - a +2 heavy morningstar
Armour
 a - a +0 robe
 i - a +1 buckler (worn)
 j - a +1 robe of willpower (worn)
 D - a scarf of repulsion
 P - a +2 hat
Magical Staves
 L - a staff of alchemy
Jewellery
 k - an amulet of magic regeneration (around neck)
 o - a +4 ring of slaying
 s - a ring of wizardry (left hand)
 t - an amulet of reflection
 v - a ring of fire
 x - a ring of poison resistance (right hand)
 y - a ring of resist corrosion
 I - a +6 ring of strength
 M - an amulet of the acrobat
Wands
 E - a wand of digging (7)
Scrolls
 c - 2 scrolls of teleportation
 e - 3 scrolls of amnesia
 p - a scroll of identify
 B - a scroll of immolation
 C - 5 scrolls of enchant weapon
 J - 5 scrolls of summoning
 K - 2 scrolls of enchant armour
 N - a scroll of blinking
 O - a scroll of brand weapon
Potions
 b - 3 potions of magic
 d - 7 potions of might
 h - 2 potions of attraction
 l - 7 potions of heal wounds {unknown}
 m - 2 potions of curing
 n - a potion of degeneration {unknown}
 q - 3 potions of mutation {unknown}
 u - 2 potions of resistance {unknown}
 w - 3 potions of lignification {unknown}
 z - 3 potions of invisibility {unknown}
 A - a potion of brilliance {unknown}
 F - a potion of enlightenment {unknown}
Miscellaneous
 H - a condenser vane (inert)


   Skills:
 - Level 6.3 Fighting
 - Level 10.4 Dodging
 - Level 7.0 Stealth
 - Level 5.0 Shields
 - Level 6.0 Spellcasting
 - Level 0.6 Conjurations
 + Level 3.7 Summonings
 - Level 2.0 Translocations
 + Level 4.1 Air Magic
 - Level 11.0 Alchemy
 - Level 9.3 Invocations


You had 5 spell levels left.
You knew the following spells:

 Your Spells              Type           Power      Damage    Failure   Level
a - Sting                 Conj/Alch      100%       1d9       1%          1
b - Mephitic Cloud        Conj/Alch/Air  27%        N/A       2%          3
c - Olgreb's Toxic Radia  Alch           50%        N/A       1%          4
d - Sticky Flame          Fire/Alch      28%        2d7       8%          4
e - Summon Lightning Spi  Summ/Air       21%        N/A       16%         4
f - Blink                 Tloc           28%        N/A       4%          2

Your spell library contained the following spells:

 Spells                   Type           Power      Damage    Failure   Level
 Mercury Vapours          Alch/Air       72%        N/A       1%          2
 Alistair's Intoxication  Alch           33%        N/A       2%          5
 Lesser Beckoning         Tloc           28%        N/A       4%          2
 Swiftness                Air            22%        N/A       4%          3
 Kiss of Death            Conj/Necr      28%        2d7       7%          1
 Momentum Strike          Conj/Tloc      22%        3d8       7%          2
 Ensorcelled Hibernation  Hex/Ice        12%        N/A       12%         2
 Dazzling Flash           Conj/Hex       14%        N/A       21%         3
 Stone Arrow              Conj/Erth      14%        3d7       21%         3
 Confusing Touch          Hex            6%         N/A       22%         3
 Fugue of the Fallen      Necr           6%         N/A       22%         3
 Ozocubu's Armour         Ice            6%         N/A       22%         3
 Passwall                 Erth           6%         N/A       22%         3
 Tukima's Dance           Hex            6%         N/A       22%         3
 Animate Armour           Summ/Erth      26%        N/A       32%         4
 Manifold Assault         Tloc           14%        N/A       32%         4
 Iskenderun's Mystic Bla  Conj/Tloc      11%        2d4       38%         4
 Dimensional Bullseye     Hex/Tloc       5%         N/A       43%         4
 Summon Forest            Summ/Tloc      8%         N/A       52%         5
 Dispel Undead            Necr           6%         3d8       56%         4
 Silence                  Hex/Air        7%         N/A       61%         5
 Summon Mana Viper        Hex/Summ       13%        N/A       65%         5
 Borgnjor's Vile Clutch   Necr/Erth      3%         N/A       87%         5
 Curse of Agony           Necr           6%         N/A       87%         5
 Lee's Rapid Deconstruct  Erth           3%         3d5*      87%         5
 Eringya's Noxious Bog    Alch           25%        4d6       12%         6
 Summon Cactus Giant      Summ           10%        N/A       91%         6
 Lehudib's Crystal Spear  Conj/Erth      3%         10d3      100%        8


Dungeon Overview and Level Annotations

Branches:
Dungeon (11/15)            Temple (1/1) D:5             Orc (0/2) D:9
 Bailey (visited)
   Lair: D:8-11

Altars:
Ashenzari
Cheibriados
Dithmenos
Elyvilon
Fedhas
Gozag
Hepliaklqana
Kikubaaqudgha
Makhleb
Nemelex Xobeh
Okawaru
Qazlal
Ru
Sif Muna
Trog
Uskayaw
Vehumet
Wu Jian
Xom
Yredelemnul
Zin
The Shining One

Shops:
D:5 *


Innate Abilities, Weirdness & Mutations

You are very small and have problems with some larger weapons.
You are too small for most types of armour.
You have supernaturally acute eyesight. (SInv)
You cover ground extremely quickly. (Speed+++)


Message History

Magic courses through your body.
The vampire mosquito completely misses you.
The vampire mosquito bites you but does no damage.
MP restored: 22
Casting: Sticky Flame (dangerous; 8% risk of failure)
Confirm with . or Enter, or press ? or * to list all spells.
Aiming: Sticky Flame (dangerous; 8% risk of failure)
Press: ? - help, Shift-Dir - straight line, f - vampire mosquito
Aim: a vampire mosquito The sticky flame hits the vampire mosquito!
The vampire mosquito is moderately damaged.
The vampire mosquito burns!
The vampire mosquito closely misses you.
The vampire mosquito completely misses you.
You now have 19/22 mp.
The vampire mosquito burns!
The vampire mosquito shakes off the sticky flame as it moves.
The vampire mosquito completely misses you.
The vampire mosquito attacks as it pursues you!
You block the vampire mosquito's attack.
The vampire mosquito attacks as it pursues you!
The vampire mosquito bites you.
* * * LOW HITPOINT WARNING * * *
The vampire mosquito draws strength from your injuries!
You take 4 damage, and have 5/61 hp.
The vampire mosquito barely misses you.
Casting: Sticky Flame (dangerous; 8% risk of failure)
Confirm with . or Enter, or press ? or * to list all spells.
Aiming: Sticky Flame (dangerous; 8% risk of failure)
Press: ? - help, Shift-Dir - straight line, f/p - vampire mosquito
Aim: a vampire mosquito (severely damaged)
The sticky flame hits the vampire mosquito!
You destroy the vampire mosquito!
Sif Muna accepts your kill.
You now have 17/22 mp.
A two-headed ogre comes into view.
It is wielding a +0 dire flail and a +0 giant spiked club.
The two-headed ogre shouts in stereo!
The two-headed ogre attacks as it pursues you!
The two-headed ogre hits you with a +0 giant club!!
You die...

#..##..##..##....#
#+# #.
#####..##....##..#
# +..#.......^.....
#..##..##........#
#..######....##..#
##O.##..##.Y..##..#
#.......+.Y.......#
+.O..†..#.........#
##@###..###.......#
#.###..###.†######
..#..........#
...#..........#
....#......†...#
#....#..........#
#.#######..##..##
#####.####..#####
#.....?......#


You could see 2 two-headed ogres.

Vanquished Creatures
  A boulder beetle (D:8)
  A centaur warrior (D:8)
  3 two-headed ogres
  2 orc knights (Bailey)
  An unseen horror (D:9)
  A komodo dragon (D:10)
  Jeremiah (D:7)
  A hornet (D:8)
  A wyvern (D:7)
  20 yaks
  Grum (D:10)
  A steam dragon (D:10)
  4 vampire mosquitoes
  2 water moccasins
  2 black bears (D:7)
  2 ice beasts (D:5)
  11 orc warriors
  A sky beast (D:7)
  3 ogres
  2 wolves (D:10)
  2 centaurs
  2 gnoll sergeants
  3 kobold brigands
  7 wights
  9 killer bees (D:9)
  A bombardier beetle (D:4)
  9 orc priests
  2 gnoll boudas
  A sleepcap (D:6)
  5 hounds
  2 jellies
  An iguana (D:6)
  5 orc wizards
  13 gnolls
  7 adders
  A shadow imp (D:7)
  2 white imps
  4 ufetubi
  A dart slug (D:2)
  3 ribbon worms
  69 orcs
  6 ball pythons
  8 endoplasms
  2 giant cockroaches (D:4)
  9 goblins
  6 hobgoblins
  10 jackals
  5 quokkas
  7 bats
  3 frilled lizards
  14 kobolds
  3 rats
283 creatures vanquished.

Vanquished Creatures (collateral kills)
  An ugly thing (D:10)
  A wraith (D:10)
2 creatures vanquished.

Grand Total: 285 creatures vanquished

Notes
Turn   | Place    | Note
-------+----------+-------------------------------------------
     0 | D:1      | jasper the Spriggan Alchemist began the quest for the Orb.
     0 | D:1      | Reached XP level 1. HP: 9/9 MP: 5/5
   405 | D:1      | Reached XP level 2. HP: 13/13 MP: 0/6
   643 | D:1      | Reached skill level 5 in Stealth
  1262 | D:2      | Reached XP level 3. HP: 13/16 MP: 2/8
  1311 | D:2      | Learned a level 3 spell: Mephitic Cloud
  1613 | D:2      | Reached XP level 4. HP: 21/21 MP: 6/9
  1643 | D:2      | Found a faded altar of an unknown god.
  2576 | D:3      | Reached skill level 1 in Shields
  2635 | D:3      | Learned a level 4 spell: Olgreb's Toxic Radiance
  2823 | D:4      | Noticed a black bear
  2823 | D:4      | Noticed an ogre
  2909 | D:4      | You fall into a shaft and drop 1 floor!
  2909 | D:5      | Entered Level 5 of the Dungeon
  2939 | D:4      | Reached XP level 5. HP: 9/24 MP: 7/10
  3263 | D:4      | Killed an ogre
  3264 | D:4      | Reached XP level 6. HP: 26/28 MP: 9/11
  3314 | D:4      | Found a snail-covered altar of Cheibriados.
  3805 | D:5      | Found an ancient bone altar of Kikubaaqudgha.
  3806 | D:5      | Noticed an ice beast
  3831 | D:5      | Killed an ice beast
  3832 | D:5      | Reached XP level 7. HP: 32/32 MP: 12/12
  4016 | D:5      | Found Tukkuym's Assorted Antiques.
  4027 | D:5      | Bought a scroll of teleportation for 78 gold pieces
  4027 | D:5      | Bought a small ivory ring for 130 gold pieces
  4027 | D:5      | Bought an ivory wand for 104 gold pieces
  4198 | D:5      | Reached skill level 5 in Shields
  4313 | D:5      | Found a staircase to the Ecumenical Temple.
  4363 | Temple   | Entered the Ecumenical Temple
  4380 | Temple   | Became a worshipper of Sif Muna the Loreminder
  4434 | D:5      | Reached skill level 4 in Alchemy
  4442 | D:5      | Reached skill level 1 in Fighting
  4785 | D:6      | Learned a level 4 spell: Sticky Flame
  4806 | D:6      | Reached XP level 8. HP: 31/37 MP: 11/15
  4895 | D:6      | Reached skill level 5 in Alchemy
  5404 | D:7      | Noticed Jeremiah
  5417 | D:7      | Killed Jeremiah
  5418 | D:7      | Reached skill level 5 in Dodging
  5418 | D:7      | Reached skill level 6 in Alchemy
  5555 | D:7      | Reached skill level 7 in Alchemy
  5667 | D:7      | Reached XP level 9. HP: 44/44 MP: 10/16
  5696 | D:7      | Reached * piety under Sif Muna
  6283 | D:8      | Found a hazy altar of Hepliaklqana.
  6361 | D:8      | Noticed a two-headed ogre
  6385 | D:8      | Killed a two-headed ogre
  6386 | D:8      | Reached skill level 8 in Alchemy
  6417 | D:8      | Noticed a boulder beetle
  6429 | D:8      | Reached skill level 9 in Alchemy
  6433 | D:8      | Killed a boulder beetle
  6616 | D:8      | Reached XP level 10. HP: 35/51 MP: 10/17
  6956 | D:8      | Noticed a two-headed ogre
  6959 | D:8      | Noticed a centaur warrior
  6971 | D:8      | Killed a centaur warrior
  6972 | D:8      | Reached skill level 5 in Fighting
  6972 | D:8      | Reached skill level 10 in Alchemy
  6972 | D:8      | Killed a two-headed ogre
  7309 | D:9      | Found a flagged portal.
  7310 | D:9      | Noticed a two-headed ogre
  7315 | D:9      | Killed a two-headed ogre
  7316 | D:9      | Reached skill level 11 in Alchemy
  7335 | Bailey   | Entered a bailey
  7351 | Bailey   | Reached skill level 1 in Invocations
  7392 | Bailey   | Reached ** piety under Sif Muna
  7445 | Bailey   | Reached XP level 11. HP: 56/56 MP: 17/19
  7453 | Bailey   | Noticed an orc knight
  7459 | Bailey   | Noticed an orc knight
  7484 | Bailey   | Killed an orc knight
  7581 | Bailey   | Killed an orc knight
  7582 | Bailey   | Reached skill level 5 in Spellcasting
  7821 | D:9      | Found an iron altar of Okawaru.
  7867 | D:9      | Found a staircase to the Orcish Mines.
  7892 | D:9      | Reached *** piety under Sif Muna
  7897 | D:9      | Reached skill level 10 in Dodging
  8064 | D:9      | Learned a level 4 spell: Summon Lightning Spire
  8110 | D:9      | Reached XP level 12. HP: 51/61 MP: 10/22
  8173 | D:9      | Found a radiant altar of Vehumet.
  8185 | D:9      | Found a broken altar of Ashenzari.
  8395 | D:9      | Found a basalt altar of Yredelemnul.
  8398 | D:9      | Reached skill level 1 in Air Magic
  8399 | D:9      | Reached skill level 1 in Summonings
  8670 | D:10     | Entered Level 10 of the Dungeon
  8725 | D:10     | Found a stormy altar of Qazlal.
  8839 | D:10     | Learned a level 2 spell: Blink
  8890 | D:10     | Noticed Grum
  8896 | D:10     | Reached **** piety under Sif Muna
  8898 | D:10     | Killed Grum
  8899 | D:10     | Reached skill level 1 in Translocations
  9409 | D:11     | Noticed a two-headed ogre
  9473 | D:11     | Noticed a two-headed ogre
  9477 | D:11     | Annihilated by a two-headed ogre

Illustrated notes

Levels and vault maps discovered:
D:1:      dpeg_arrival_arbitrary_a, layout_loops_ring, grunt_decor_arrowhead
D:2:      layout_rooms, shapermc_ecumenical_altar_ellora
D:3:      layout_loops_corners
D:4:      layout_cave_pools, mainiacjoe_overflow_six_doors_small
D:5:      layout_gridville, kiku_gazebo_garden_becter,
          minmay_temple_entry_metal_lava, serial_shops,
          nicolae_shop_advertising_works [nicolae_subvault_shop_adworks]
D:6:      layout_gridville, minmay_misc_feat_plants, hex_tiny
D:7:      layout_cave_pools, uniq_jeremiah
D:8:      layout_basic, marbit_many_paths,
          nicolae_concentric_dashed_squares_wild, columned_hall_lemuel,
          minmay_diamond_spiral
D:9:      layout_long_grid, amethyst_overflow_temple_binary, kennysheep_mini,
          okawaru_metal_pillars_1_2, hiddenorc2_lemuel, enter_bailey_5
D:10:     layout_roguey, old_standard_altar, uniq_grum
D:11:     layout_gridville, due_lair_maze_entry_diamond
Temple:   nicolae_temple_ecumenical_triangle

Skill      XL: |  1  2  3  4  5  6  7  8  9 10 11 12 |
---------------+-------------------------------------+-----
Stealth        | 4 5 7 |  7.0
Shields        | 2 3 4 5 |  5.0
Dodging        | 3 6 8 9 10 | 10.4
Alchemy        | 4 7 9 11 | 11.0
Fighting       | 1 3 4 5 6 |  6.3
Spellcasting   | 4 6 |  6.0
Invocations    | 9 |  9.3
Air Magic      | 4 |  4.1
Summonings     | 3 |  3.7
Translocations | 2 |  2.0
Conjurations   | |  0.6

Action                     |  1- 3 |  4- 6 |  7- 9 | 10-12 || total
---------------------------+-------+-------+-------+-------++-------
  Melee: Unarmed           |     2 |       |       |       ||     2
         Dagger            |    18 |    22 |    80 |    50 ||   170
         Short sword       |     2 |       |       |       ||     2
   Cast: Sting             |    97 |    71 |    76 |    12 ||   256
         Olgreb's Toxic Ra |       |     4 |    27 |    70 ||   101
         Sticky Flame      |       |       |     4 |    11 ||    15
         Mephitic Cloud    |       |       |     3 |     3 ||     6
         Summon Lightning  |       |       |       |     3 ||     3
  Evoke: Wand              |       |       |     3 |       ||     3
         Condenser vane    |       |       |       |     1 ||     1
    Use: Scroll            |     3 |     7 |     3 |     1 ||    14
         Potion            |       |       |     2 |     2 ||     4
   Stab: Invisible         |       |       |     1 |       ||     1
         Sleeping          |       |       |     3 |       ||     3
 Armour: Robe              |     8 |    14 |    36 |    40 ||    98
  Dodge: Dodged            |    36 |    24 |   100 |    85 ||   245
  Block: Buckler           |       |     6 |    46 |    36 ||    88

Table legend: (Time is in decaauts)
 A = Elapsed time spent in this place.
 B = Non-inter-level travel time spent in this place.
 C = Inter-level travel time spent in this place.
 D = Time resting spent in this place.
 E = Time spent auto-exploring this place.
 F = Levels seen in this place.
 G = Mean time per level.
                   A        B        C        D        E       F      G
               +--------+--------+--------+--------+--------+-----+--------+
         Total |   7087 |   6904 |    183 |    735 |   4688 |  13 |  545.2 |
       Dungeon |   6707 |   6534 |    173 |    619 |   4565 |  11 |  609.7 |
        Temple |     22 |     13 |      9 |      0 |      0 |   1 |   22.0 |
        Bailey |    357 |    357 |      0 |    116 |    122 |   1 |  357.0 |
               +--------+--------+--------+--------+--------+-----+--------+

Top non-repeatable levels by time:
     D:1: 956 daAuts
     D:8: 911 daAuts
     D:9: 691 daAuts
     D:4: 689 daAuts
     D:5: 620 daAuts
     D:3: 589 daAuts
    D:10: 577 daAuts
     D:6: 571 daAuts
     D:2: 566 daAuts
     D:7: 482 daAuts
  Bailey: 357 daAuts
    D:11: 50 daAuts
  Temple: 22 daAuts
